 Dungeon Crawl Stone Soup version 0.20-a0-1116-gaa52201 (console) character file.

3291 nht the Carver (level 9, -10/61 HPs)
             Began as a Vampire Enchanter on May 8, 2017.
             Was an Elder of Okawaru.
             Mangled by a two-headed ogre
             ... wielding a +0 giant club
              (13 damage)
             ... on level 9 of the Dungeon.
             The game lasted 00:17:48 (6543 turns).

nht the Carver (Vampire Enchanter)                  Turns: 6543, Time: 00:17:48

Health: -10/61     AC:  5    Str: 11    XL:     9   Next: 69%
Magic:  3/12       EV: 13    Int: 21    God:    Okawaru [****..]
Gold:   244        SH:  0    Dex: 14    Spells: 3/12 levels left

rFire    . . .     SeeInvis +   r - +2 great sword (vamp)
rCold    + . .     Gourm    .   (shield currently unavailable)
rNeg     . . .     Faith    .   s - +0 robe {MR+}
rPois    +         Spirit   .   (no helmet)
rElec    .         Reflect  .   n - +1 cloak {rPois}
rCorr    .         Harm     .   q - +0 pair of gloves (curse)
MR       +....                  (no boots)
Stlth    +++.......             (no amulet)
Regen    0.4/turn               l - +4 ring of strength
MPRegen  0.2/turn               (no ring)

@: regenerating quickly
A: fangs 3, talons 1, see invisible, cold resistance 1, unbreathing, MP-powered
wands
a: Heroism, Renounce Religion


You were on level 9 of the Dungeon.
You worshipped Okawaru.
Okawaru was greatly pleased with you.
You were very full.

You visited 1 branch of the dungeon, and saw 9 of its levels.

You collected 441 gold pieces.
You spent 197 gold pieces at shops.

Inventory:

Hand Weapons
 a - a +0 dagger of flaming
 b - a +0 falchion
 r - a +2 vampiric great sword (weapon)
Missiles
 d - 25 poisoned needles
 w - 3 tomahawks (quivered)
Armour
 h - a +2 ring mail of cold resistance
 n - a +1 cloak of poison resistance (worn)
 q - a cursed +0 pair of gloves (worn)
 s - a +0 robe of magic resistance (worn)
 v - a +1 robe of fire resistance
 y - a +0 shield
Magical Staves
 t - an uncursed staff of conjuration {unknown}
Jewellery
 k - an uncursed ring of fire
 l - a +4 ring of strength (left hand)
Wands
 e - a wand of polymorph (16/24)
 u - a wand of random effects (25/48)
 x - a wand of enslavement (15/24)
Scrolls
 f - 3 scrolls of enchant armour
 m - a scroll of teleportation
 z - a scroll of magic mapping
 B - a scroll of blinking
Potions
 g - 25 potions of blood
 i - a potion of curing
 j - a potion of heal wounds
 o - a potion of haste
 p - a potion of might
 A - 2 potions of lignification
Books
 c - a book of Maledictions

   Spells                             Type                      Level
   a - Corona                         Hexes                        1
   b - Ensorcelled Hibernation        Hexes/Ice                    2
   c - Confuse                        Hexes                        3
   d - Tukima's Dance                 Hexes                        3
   e - Dazzling Spray                 Conjuration/Hexes            3


   Skills:
 + Level 2.0 Fighting
 - Level 3.7(9.1) Short Blades
 * Level 11.7(11.9) Long Blades
 + Level 3.4 Dodging
 - Level 4.4 Stealth
 - Level 2.0 Spellcasting
 - Level 7.0 Hexes
 + Level 1.9 Invocations


You had 3 spell levels left.
You knew the following spells:

 Your Spells              Type           Power        Failure   Level  Hunger
a - Corona                Hex            ####...      1%          1    #......
b - Ensorcelled Hibernat  Hex/Ice        ###...       5%          2    ##.....
c - Confuse               Hex            ####....     2%          3    ###....
d - Tukima's Dance        Hex            ####....     2%          3    ###....


Dungeon Overview and Level Annotations

Branches:
Dungeon (9/15)             Temple (0/1) D:6
   Lair: D:8-11         Orc: D:9-12

Altars:
Ashenzari
Cheibriados
Elyvilon
Gozag
Makhleb
Okawaru
Qazlal
Ru
Sif Muna
Xom
Yredelemnul

Shops:
D:5 [   D:6 *%

Annotations:
D:7 1 runed door


Innate Abilities, Weirdness & Mutations

Your natural rate of healing is unusually fast.
You have razor-sharp teeth.
You have supernaturally acute eyesight. (SInv)
You can survive without breathing.
You have sharp toenails.
Your flesh is cold resistant. (rC+)
You expend magic power (3 MP) to strengthen your wands.


Message History

Nothing appears to happen.
The two-headed ogre hits you with a giant club!!
* * * LOW HITPOINT WARNING * * *
The two-headed ogre barely misses you.
Your giant spiked club hits the two-headed ogre but does no damage.
Something barely misses the two-headed ogre.
Found a stone staircase leading up.
Something closely misses your giant spiked club.
Found a brown potion.
Found a garnet ring.
You see here a brown potion.
An orc comes into view. It is wielding a short sword.
Found a royal jelly.
You see here a garnet ring.
The orc shouts!
Your magical contamination has completely faded away.
The two-headed ogre hits you with a giant club!
* * * LOW HITPOINT WARNING * * *
The two-headed ogre hits you with a giant club!
You die... █. █ .██ ..█ █. ████

..█ █.█ ..████..
█.█... ...█.█ █.█.█
██.█)████████. ....
█.....<....... █
█.██████..█(█████..).
.. █..o.O@)..█.█ .
█.███o███████.█.█
█..=████████.█.█
█....!oo.....(.█
█..███████..>..█
█.... .........█
█.█.% ██.........█
█.█.. █...<....$.. █
█.. █.........██


You could see a two-headed ogre and 2 orcs.

Vanquished Creatures
  Duvessa (D:6)
  A sky beast (D:5)
  A black bear (D:7)
  3 orc warriors
  An ice beast (D:7)
  4 ogres
  A phantom (D:6)
  A necrophage (D:9)
  5 centaurs
  2 bullfrogs
  A wyvern zombie (D:8)
  Dowan (D:6)
  A gnoll sergeant (D:7)
  A scorpion (D:5)
  3 wights
  2 howler monkeys
  A crimson imp (D:3)
  A jelly (D:5)
  A centaur zombie (D:7)
  2 hounds
  4 orc priests
  5 iguanas
  6 orc wizards
  4 worker ants
  A killer bee zombie (D:6)
  A bullfrog simulacrum (D:8)
  A hound skeleton (D:4)
  14 adders
  11 gnolls
  A shadow imp (D:5)
  2 oozes
  A worm (D:2)
  A dart slug (D:1)
  4 leopard geckos
  21 orcs
  6 bats
  6 giant cockroaches
  8 goblins
  9 hobgoblins
  9 jackals
  3 quokkas
  A ball python (D:2)
  7 frilled lizards
  10 kobolds
  A leopard gecko zombie (D:7)
  12 rats
183 creatures vanquished.

Vanquished Creatures (collateral kills)
  3 ogres
3 creatures vanquished.

Vanquished Creatures (others)
  2 dancing weapons (D:7)
2 creatures vanquished.

Grand Total: 188 creatures vanquished

Notes
Turn   | Place    | Note
-------+----------+-------------------------------------------
     0 | D:1      | nht the Vampire Enchanter began the quest for the Orb.
     0 | D:1      | Reached XP level 1. HP: 13/13 MP: 3/3
   220 | D:1      | Reached XP level 2. HP: 8/19 MP: 5/5
   418 | D:1      | Learned a level 2 spell: Ensorcelled Hibernation
   906 | D:2      | Found an iron altar of Okawaru.
   918 | D:2      | Gained mutation: You have sharp toenails. [potion of mutation]
   918 | D:2      | Gained mutation: You expend magic power (3 MP) to strengthen your wands. [potion of mutation]
   918 | D:2      | Gained mutation: Your flesh is cold resistant. (rC+) [potion of mutation]
   923 | D:2      | Reached skill level 5 in Hexes
   923 | D:2      | Reached XP level 3. HP: 8/24 MP: 0/6
   932 | D:2      | Became a worshipper of Warmaster Okawaru
  1050 | D:2      | Found a snail-covered altar of Cheibriados.
  1257 | D:2      | Reached XP level 4. HP: 12/30 MP: 0/7
  1671 | D:2      | Learned a level 3 spell: Confuse
  1756 | D:3      | Reached skill level 1 in Long Blades
  1944 | D:2      | Reached XP level 5. HP: 34/35 MP: 3/8
  2134 | D:3      | Found an opulent altar of Gozag.
  2440 | D:3      | Found a burning altar of Makhleb.
  2444 | D:3      | Reached skill level 2 in Long Blades
  2788 | D:4      | Found a deep blue altar of Sif Muna.
  2887 | D:4      | Reached * piety under Okawaru
  2887 | D:4      | Reached skill level 3 in Long Blades
  3003 | D:4      | Reached XP level 6. HP: 41/41 MP: 9/9
  3407 | D:5      | Entered Level 5 of the Dungeon
  3440 | D:5      | Reached skill level 4 in Long Blades
  3451 | D:5      | Noticed a sky beast
  3457 | D:5      | Killed a sky beast
  3457 | D:5      | Reached skill level 5 in Long Blades
  3477 | D:5      | Reached ** piety under Okawaru
  3477 | D:5      | Reached XP level 7. HP: 37/46 MP: 6/10
  3622 | D:5      | Reached skill level 6 in Long Blades
  3764 | D:5      | Found a white marble altar of Elyvilon.
  3797 | D:5      | Learned a level 3 spell: Tukima's Dance
  3995 | D:5      | Found a shattered altar of Ashenzari.
  3998 | D:5      | Found a basalt altar of Yredelemnul.
  4001 | D:5      | Found a sacrificial altar of Ru.
  4204 | D:5      | Found a stormy altar of Qazlal.
  4219 | D:5      | Reached skill level 7 in Long Blades
  4460 | D:5      | Found Arear's Armour Shop.
  4463 | D:5      | Bought a +1 cloak of poison resistance for 148 gold pieces
  4463 | D:5      | Bought a cursed +0 pair of gloves for 16 gold pieces
  4617 | D:6      | Found a staircase to the Ecumenical Temple.
  4680 | D:6      | Reached XP level 8. HP: 40/52 MP: 3/11
  4699 | D:6      | Reached skill level 8 in Long Blades
  4848 | D:6      | Noticed Duvessa
  4848 | D:6      | Noticed Dowan
  4922 | D:6      | Reached *** piety under Okawaru
  4932 | D:6      | Reached skill level 9 in Long Blades
  4985 | D:6      | Killed Duvessa
  4992 | D:6      | Killed Dowan
  5147 | D:6      | Found Qemuh's Food Shoppe.
  5162 | D:6      | Reached skill level 10 in Long Blades
  5428 | D:6      | Found Sutriaf's General Store.
  5431 | D:6      | Bought a potion of lignification for 33 gold pieces
  5552 | D:7      | Reached XP level 9. HP: 49/57 MP: 12/12
  5617 | D:7      | Reached **** piety under Okawaru
  5649 | D:7      | Reached skill level 11 in Long Blades
  5732 | D:7      | Found a runed door.
  5898 | D:7      | Reached skill level 1 in Fighting
  5898 | D:7      | Reached skill level 1 in Invocations
  5964 | D:7      | Found a shimmering altar of Xom.
  6353 | D:7      | You fall through a shaft!
  6432 | D:8      | Noticed a two-headed ogre
  6511 | D:9      | Noticed a two-headed ogre
  6543 | D:9      | HP: 3/61 [two-headed ogre/giant club (15)]
  6543 | D:9      | Mangled by a two-headed ogre

Vault maps used:
D:1:      evilmike_arrival_fibonacci_small
D:2:      cheibrodos_old_hovel, cheibriados_altar_1,
          nicolae_overflow_crystal_walls
D:3:      makhleb_grotto_becter, grunt_gozag_statues, wad_floor_pattern_1,
          minivault_19
D:4:      lemuel_coloured_pillars_altar
D:5:      overflow_temple_1_default, nicolae_qazlal_eye_of_the_storm,
          grunt_temple_overflow_diamond, serial_shops, nicolae_shop_stone,
          first_bread, minivault_27, solitary_fountain
D:6:      minmay_temple_entry_nine_rooms, serial_shops, kennysheep_mini_moat,
          kennysheep_little_box, uniq_duvessa
D:7:      basic_altar, uniq_crazy_yiuf_cottage
D:8:      old_standard_altar, serial_shops, shop, serial_ice, serial_ice_c,
          serial_ice_n, serial_ice_d, serial_ice_a, grunt_ogre_cave, uniq_grum
D:9:      kennysheep_spiral_hall, marbit_many_paths,
          grunt_lair_entry_orc_guard_hut, uniq_joseph

Skill      XL: |  1  2  3  4  5  6  7  8  9 |
---------------+----------------------------+-----
Short Blades   | 2 3 |  3.7
Hexes          | 5 6 7 |  7.0
Long Blades    | 1 3 5 7 10 11 | 11.7
Fighting       | 2 |  2.0
Invocations    | 1 |  1.9
Dodging        | 3 |  3.4
Stealth        | |  4.4
Spellcasting   | |  2.0

Action                   |  1- 3 |  4- 6 |  7- 9 || total
-------------------------+-------+-------+-------++-------
Melee: Dagger            |   139 |   125 |    62 ||   326
       Bite              |    13 |    15 |    17 ||    45
       Kick              |     7 |    26 |    56 ||    89
       Falchion          |       |    37 |    40 ||    77
       Great sword       |       |       |   167 ||   167
 Cast: Corona            |     2 |       |       ||     2
       Ensorcelled Hiber |    23 |    40 |    42 ||   105
       Tukima's Dance    |       |       |    10 ||    10
       Confuse           |       |       |     8 ||     8
Invok: Heroism           |       |       |     3 ||     3
  Use: Potion            |    13 |    11 |    20 ||    44
       Scroll            |     3 |     8 |     5 ||    16
 Stab: Sleeping          |    14 |    39 |    26 ||    79
       Distracted        |       |     1 |     1 ||     2
       Confused          |       |       |     3 ||     3
  Eat: Corpse            |     1 |     3 |     6 ||    10
Armor: Robe              |    31 |    13 |    51 ||    95
       Ring mail         |       |    18 |       ||    18
       Skin              |       |       |    48 ||    48
Dodge: Dodged            |    88 |    79 |   169 ||   336
       Rpst.: Falchion   |       |     8 |     1 ||     9
       Great sword       |       |       |    27 ||    27
